 Dungeon Crawl Stone Soup version 0.23.2-1-ga50397a6bc (webtiles) character file.

Game seed: 14176213121803593622

41 KOK29364 the Gusty (level 3, -4/26 HPs)
             Began as a Draconian Air Elementalist on Apr 14, 2019.
             Was a Follower of Jiyva.
             Killed from afar by an orc wizard (8 damage)
             ... with a puff of flame
             ... on level 3 of the Dungeon.
             The game lasted 00:11:21 (2500 turns).

KOK29364 the Gusty (Draconian Air Elementalist)     Turns: 2500, Time: 00:11:22

Health: -4/26      AC:  5    Str: 10    XL:     3   Next: 32%
Magic:  1/6        EV: 12    Int: 16    God:    Jiyva [*.....]
Gold:   114        SH:  0    Dex: 11    Spells: 0/6 levels left

rFire    . . .     SeeInvis .   h - +0 short sword
rCold    . . .     Gourm    .   (no shield)
rNeg     . . .     Faith    .   (armour unavailable)
rPois    .         Spirit   .   (helmet restricted)
rElec    .         Reflect  .   (no cloak)
rCorr    .         Harm     .   (no gloves)
MR       .....                  (no boots)
Stlth    ++........             (no amulet)
HPRegen  0.08/turn              (no ring)
MPRegen  0.10/turn              (no ring)

@: no status effects
A: unfitting armour, cold-blooded, AC +5
a: Request Jelly, Renounce Religion


You were on level 3 of the Dungeon.
You worshipped Jiyva.
Jiyva was aware of your devotion.
You were hungry.

You visited 1 branch of the dungeon, and saw 3 of its levels.

You collected 114 gold pieces.

Inventory:

Hand Weapons
 c - a +0 club
 e - a +0 hunting sling
 h - a +0 short sword (weapon)
Missiles
 d - 161 stones (quivered)
 f - 16 bolts
 m - 17 sling bullets
Armour
 i - a cursed +1 robe
 j - a +0 robe
Wands
 k - a wand of flame (21)
Scrolls
 a - 2 scrolls of teleportation
Potions
 g - 3 potions of curing {unknown}
 n - a potion of heal wounds {unknown}
Comestibles
 b - 4 rations


   Skills:
 + Level 0.1 Fighting
 + Level 0.1 Maces & Flails
 + Level 1.9 Dodging
 + Level 2.2 Stealth
 + Level 0.2 Unarmed Combat
 + Level 2.2 Spellcasting
 + Level 1.3 Conjurations
 + Level 3.7 Air Magic


You couldn't memorise any spells.
You knew the following spells:

 Your Spells              Type           Power        Failure   Level  Hunger
a - Shock                 Conj/Air       #...         8%          1    #......
b - Swiftness             Chrm/Air       #.......     14%         2    ###....
c - Static Discharge      Conj/Air       #.......     22%         3    ###....

Your spell library contained the following spells:

 Spells                   Type           Power        Failure   Level  Hunger
 Airstrike                Air            ##........   41%         4    #####..
 Lightning Bolt           Conj/Air       #.........   90%         5    ######.


Dungeon Overview and Level Annotations

Branches:
Dungeon (3/15)

Altars:
Jiyva


Innate Abilities, Weirdness & Mutations

Your plain brown scales are hard. (AC +5)
You cannot fit into any form of body armour.
You are cold-blooded and may be slowed by cold attacks.


Message History

The magic dart hits you.
You hear a splatter.
You barely miss the orc.
The orc is lightly wounded.
The orc hits you with a +0 dagger.
The orc wizard begins to cast a cantrip, but forgets the words!
You hit the orc.
The orc is severely wounded.
The orc hits you but does no damage.
You closely miss the orc wizard.
The orc wizard is heavily wounded.
The orc wizard points at you and mumbles some strange words.
The magic dart hits you!
* * * LOW HITPOINT WARNING * * *
The orc hits you but does no damage.
You barely miss the orc wizard.
The orc wizard is heavily wounded.
The orc wizard gestures at you while chanting.
The puff of flame hits you!
You die...

............
###......#..#
.........##.#
#....).##.#
#......##.####
#.<........####.
#..รท......>.....
#...............
###.....@.........
#......oo..........
#.##.###...........
......# ##..........
#......# #.)........
#......#####.........
. ................
.....o......J...
........%.......


You could see an orc wizard, an orc and a neutral jelly (fellow slime).

Vanquished Creatures
  A dart slug (D:1)
  3 orcs (D:3)
  2 giant cockroaches
  3 hobgoblins
  6 bats
  A frilled lizard (D:3)
  5 goblins
  4 kobolds
  14 rats
39 creatures vanquished.

Notes
Turn   | Place    | Note
-------+----------+-------------------------------------------
     0 | D:1      | KOK29364 the Draconian Air Elementalist began the quest for
                  | the Orb.
     0 | D:1      | Reached XP level 1. HP: 14/14 MP: 3/3
    52 | D:1      | Reached XP level 2. HP: 20/20 MP: 0/5
   120 | D:1      | Learned a level 2 spell: Swiftness
  1887 | D:2      | Found a faded altar of an unknown god.
  1895 | D:2      | Became a worshipper of Jiyva Jubeah the Shapeless
  1895 | D:2      | Reached * piety under Jiyva
  2131 | D:2      | Reached XP level 3. HP: 26/26 MP: 4/6
  2155 | D:2      | Learned a level 3 spell: Static Discharge
  2500 | D:3      | Killed from afar by an orc wizard

Skill      XL: |  1  2 |
---------------+-------+-----
Stealth        | 2 |  2.2
Fighting       | |  0.1
Maces & Flails | |  0.1
Dodging        | |  1.9
Unarmed Combat | |  0.2
Spellcasting   | |  2.2
Conjurations   | |  1.3
Air Magic      | |  3.7

Action                   || total
-------------------------++-------
Melee: Unarmed           ||    17
       Club              ||    11
       Short sword       ||    32
       Tailslap          ||     2
 Cast: Shock             ||    40
Invok: Request Jelly     ||     1
  Use: Scroll            ||     4
 Stab: Sleeping          ||     1
  Eat: Chunk             ||     5
Armor: Skin              ||    20
Dodge: Dodged            ||    42
